 Dungeon Crawl Stone Soup version 0.24.0-125-gc4c63601f3 (webtiles) character file.

Game seed: 1527357240581847504, levelgen mode: deterministic

218 Curus the Cudgeler (level 5, -8/45 HPs)
             Began as a Minotaur Abyssal Knight on Feb 28, 2020.
             Was a Believer of Lugonu.
             Killed by nerve-wracking pain
             ... invoked by an orc priest
              (14 damage)
             ... on level 3 of the Dungeon.
             The game lasted 00:09:27 (2062 turns).

Curus the Cudgeler (Minotaur Abyssal Knight)        Turns: 2062, Time: 00:09:29

Health: -8/45      AC: 12    Str: 21    XL:     5   Next: 63%
Magic:  16/16      EV:  7    Int:  9    God:    Lugonu [**....]
Gold:   134        SH:  0    Dex: 11    Spells: 4/4 levels left

rFire    . . .     SeeInvis .   n - +0 flail
rCold    . . .     Gourm    .   (no shield)
rNeg     . . .     Faith    .   f - +1 plate armour
rPois    .         Spirit   .   (helmet restricted)
rElec    +         Reflect  .   (no cloak)
rCorr    .         Harm     .   (no gloves)
MR       .....                  (no boots)
Stlth    ..........             (no amulet)
HPRegen  0.15/turn              m - ring of magical power
MPRegen  0.15/turn              (no ring)

@: mighty
A: retaliatory headbutt, horns 2, electricity resistance, sturdy frame 1
a: Depart the Abyss, Bend Space, Renounce Religion


You were on level 3 of the Dungeon.
You worshipped Lugonu.
Lugonu was pleased with you.
You were not hungry.

You visited 1 branch of the dungeon, and saw 3 of its levels.
You visited the Abyss 1 time.

You collected 134 gold pieces.

Inventory:

Hand Weapons
 a - a +1 mace
 n - a +0 flail (weapon)
Armour
 b - a +0 leather armour
 d - a +0 ring mail
 f - a +1 plate armour (worn)
Jewellery
 e - a -4 ring of intelligence
 k - a -5 ring of intelligence
 m - a ring of magical power (left hand)
Scrolls
 g - 3 scrolls of identify
 j - a scroll of amnesia
 l - a scroll of magic mapping
Potions
 h - a potion of mutation
 i - a potion of might
Comestibles
 c - 3 rations


   Skills:
 - Level 3.6 Fighting
 + Level 5.3 Maces & Flails
 - Level 2.4 Armour
 - Level 1.1 Dodging
 + Level 4.3 Invocations


You had 4 spell levels left.
You didn't know any spells.
Your spell library was empty.

Dungeon Overview and Level Annotations

Branches:
Dungeon (3/15)

Altars:
Ashenzari
Makhleb
Xom
The Shining One


Innate Abilities, Weirdness & Mutations

You reflexively headbutt those who attack you in melee.
You have a pair of horns on your head.
You are resistant to electric shocks. (rElec)
Your movements are slightly less encumbered by armour. (ER -2)


Message History

You closely miss something. Something hits you but does no damage.
The orc priest mumbles some strange prayers to Beogh against you.
Something writhes in agony!
The gnoll hits you but does no damage.
You miss something. You headbutt something.
You hear some strange, mumbled words.
A magic dart appears from out of thin air!
The magic dart hits you but does no damage.
The orc priest hits you from afar with a +0 trident.
* * * LOW HITPOINT WARNING * * *
The gnoll hits you.
* * * LOW HITPOINT WARNING * * *
The orc hits you but does no damage.
You sock something! Lugonu accepts your kill.
Reactivating autopickup.
You feel a bit more experienced. The gnoll hits you.
* * * LOW HITPOINT WARNING * * *
The orc priest mumbles some strange prayers to Beogh against you.
Pain shoots through your body!
You die...

..# ..% #.## ....
######.# #......#
###### #.#.#oo#
.....######...oo)#
####........#.#g@#
########....?##
#######


You could see an orc priest, a gnoll and 3 orcs.

Vanquished Creatures
  2 orc priests (D:3)
  Jessica (D:2)
  An orc wizard (D:3)
  4 adders
  2 gnolls (D:3)
  A worm (D:2)
  2 leopard geckos
  9 orcs (D:3)
  3 bats
  A giant cockroach (D:2)
  5 hobgoblins
  A ball python (D:3)
  A frilled lizard (D:3)
  9 goblins
  8 kobolds
  4 rats
54 creatures vanquished.

Notes
Turn   | Place    | Note
-------+----------+-------------------------------------------
     0 | Abyss:1  | Curus the Minotaur Abyssal Knight began the quest for the
                  | Orb.
     0 | Abyss:1  | Reached XP level 1. HP: 19/19 MP: 1/1
    72 | Abyss:1  | Noticed a worldbinder
    74 | Abyss:1  | Noticed a swamp drake
    74 | Abyss:1  | Noticed an insubstantial wisp
    75 | Abyss:1  | Noticed an insubstantial wisp
    75 | Abyss:1  | Noticed a vampire mosquito
    76 | D:1      | Escaped the Abyss
   441 | D:1      | Reached * piety under Lugonu
   577 | D:1      | Gained mutation: Your movements are slightly less
                  | encumbered by armour. (ER -2) [potion of mutation]
   577 | D:1      | Gained mutation: You are resistant to electric shocks.
                  | (rElec) [potion of mutation]
   652 | D:1      | Reached skill level 3 in Maces & Flails
   652 | D:1      | Reached XP level 2. HP: 26/26 MP: 2/2
  1007 | D:2      | Noticed Jessica
  1010 | D:2      | Killed Jessica
  1010 | D:2      | Reached XP level 3. HP: 31/31 MP: 2/4
  1043 | D:2      | Reached skill level 4 in Maces & Flails
  1043 | D:2      | Reached XP level 4. HP: 37/39 MP: 5/5
  1044 | D:2      | Found a glowing golden altar of the Shining One.
  1145 | D:2      | Lost intelligence.
  1186 | D:2      | Found a faded altar of an unknown god.
  1372 | D:2      | Found a shattered altar of Ashenzari.
  1700 | D:3      | Found a shimmering altar of Xom.
  1702 | D:3      | Found a shimmering altar of Xom.
  1703 | D:3      | Found a shimmering altar of Xom.
  1752 | D:3      | Found a burning altar of Makhleb.
  1812 | D:3      | Reached XP level 5. HP: 38/45 MP: 6/6
  1835 | D:3      | Reached ** piety under Lugonu
  2047 | D:3      | Reached skill level 5 in Maces & Flails
  2062 | D:3      | Killed from afar by an orc priest

Levels and vault maps discovered:
D:1:      moated_graveyard_arrival, layout_basic
D:2:      layout_loops_ring, nicolae_ashenzari_panopticon, lemuel_crystal_altar,
          chequers_ecumenical_altar_simple_redux, uniq_jessica
D:3:      layout_loops_ring, lemuel_round_altar, first_ration, serial_glass,
          glass_columns_a, glass_columns_a, minmay_misc_feat_nine_boxes,
          minmay_misc_feat_diagonals, kennysheep_big_empty_room,
          xom_redecorated, uniq_sigmund

Skill      XL: |  1  2  3  4  5 |
---------------+----------------+-----
Invocations    | 2 3 4 |  4.3
Maces & Flails | 3 4 5 |  5.3
Fighting       | |  3.6
Armour         | |  2.4
Dodging        | |  1.1

Action                   |  1- 3 |  4- 6 || total
-------------------------+-------+-------++-------
Melee: Mace              |    38 |    46 ||    84
       Headbutt          |     7 |    20 ||    27
       Flail             |       |    52 ||    52
Invok: Depart the Abyss  |     1 |       ||     1
  Use: Scroll            |     7 |     4 ||    11
       Potion            |     2 |     3 ||     5
  Eat: Chunk             |       |     4 ||     4
Armor: Leather armour    |     2 |       ||     2
       Plate armour      |    13 |   100 ||   113
       Ring mail         |     1 |       ||     1
Dodge: Dodged            |     8 |    44 ||    52
